TOP OF THE 1ST |
Batavia Muckdogs batting - Pitching for Los Angeles (NYP) Dodgers : RHP Dave Bible
|
Pitching: RHP Dave Bible
|
|
Batting: RHB Calvin Morin
|
0-0: Foul Ball, location: 2F 0-1: SINGLE (Groundball, 4MD, EV 101.3 MPH)
|
Batting: LHB David Doge
|
0-0: Called Strike Calvin Morin steals 2nd base 0-1: Ball 1-1: Ball 2-1: SINGLE (Flyball, 8LS, EV 101.3 MPH) Calvin Morin to third
|
Batting: RHB Len Graham
|
0-0: Ball David Doge steals 2nd base 1-0: Fly out, F4 (Popup, 4MD, EV 69.4 MPH)
|
Batting: RHB Jim Fisher
|
0-0: Ball 1-0: Ground out 6-3 (Groundball, 6, EV 84.4 MPH) Calvin Morin scores David Doge to third
|
Batting: RHB Larry LeFever
|
0-0: Ball 1-0: Ball 2-0: Ball 3-0: Base on Balls
|
Batting: RHB Hiromitsu Yamada
|
0-0: Foul Ball, location: 2F 0-1: Ball 1-1: SINGLE (Groundball, 6M, EV 106.9 MPH) (infield hit) David Doge scores Larry LeFever to second
|
Batting: RHB Jayson Johnson
|
0-0: Ball 1-0: Fly out, F8 (Flyball, 8RXD, EV 92.5 MPH)
|
Top of the 1st over - 2 runs, 3 hits, 0 errors, 2 left on base; Batavia 2 - Los Angeles (NYP) 0 |
BOTTOM OF THE 1ST |
Los Angeles (NYP) Dodgers batting - Pitching for Batavia Muckdogs : RHP James Bitner
|
Pitching: RHP James Bitner
|
|
Batting: RHB Mario Mejia
|
0-0: Called Strike 0-1: Foul Ball, location: 2F 0-2: Ball 1-2: Ball 2-2: Strikes out looking
|
Batting: RHB Leo Cuellar
|
0-0: Ball 1-0: Called Strike 1-1: Ball 2-1: Ground out 6-3 (Groundball, 6, EV 103.1 MPH)
|
Batting: RHB John Piccolo
|
0-0: Ball 1-0: Foul Ball, location: 2F 1-1: Ball 2-1: Ball 3-1: Base on Balls
|
Batting: LHB Kippy McGrath
|
0-0: Ball 1-0: Ball 2-0: Foul Ball, location: 2F 2-1: Fly out, F7 (Flyball, 7S, EV 93.8 MPH)
|
Bottom of the 1st over - 0 runs, 0 hits, 0 errors, 1 left on base; Batavia 2 - Los Angeles (NYP) 0 |
TOP OF THE 2ND |
Batavia Muckdogs batting - Pitching for Los Angeles (NYP) Dodgers : RHP Dave Bible
|
Batting: RHB Jeremy Dennis
|
0-0: Bunt missed! 0-1: Ball 1-1: SINGLE (Line Drive, 34, EV 105.0 MPH)
|
Batting: RHB Jose Trevino
|
0-0: Ball 1-0: Ball 2-0: Ball 3-0: SINGLE (Line Drive, 78S, EV 113.1 MPH) Jeremy Dennis to second Runner from 2nd tries for 3rd, SAFE, no throw by CF
|
Batting: RHB Calvin Morin
|
0-0: Ball 1-0: Foul Ball, location: 2F 1-1: Fielders Choice at 2nd, 6-4 (Groundball, 6, EV 105.6 MPH) Jeremy Dennis scores
|
Batting: LHB David Doge
|
0-0: Called Strike Calvin Morin steals 2nd base 0-1: Called Strike Calvin Morin steals 3rd base 0-2: Ball 1-2: Ball 2-2: Foul Ball, location: 2F 2-2: Ball 3-2: Fly out, F9 (Flyball, 9D, EV 81.9 MPH) Runner from 3rd tags up, SCORES, no throw by RF
|
Batting: RHB Len Graham
|
0-0: Ball 1-0: Ball 2-0: Ball 3-0: Called Strike 3-1: Base on Balls
|
Batting: RHB Jim Fisher
|
0-0: Ball 1-0: Ball Len Graham steals 2nd base (no throw) 2-0: Foul Ball, location: 2F 2-1: Ball 3-1: Base on Balls
|
Batting: RHB Larry LeFever
|
0-0: Fly out, F7 (Flyball, 7, EV 90.6 MPH)
|
Top of the 2nd over - 2 runs, 2 hits, 0 errors, 2 left on base; Batavia 4 - Los Angeles (NYP) 0 |
BOTTOM OF THE 2ND |
Los Angeles (NYP) Dodgers batting - Pitching for Batavia Muckdogs : RHP James Bitner
|
Batting: SHB Chris Ackerson
|
0-0: SINGLE (Line Drive, 78S, EV 103.8 MPH)
|
Batting: RHB Eddie Perry
|
0-0: Foul Ball, location: 2F 0-1: Ball 1-1: Ball 2-1: Ball 3-1: Swinging Strike 3-2: Base on Balls Chris Ackerson to second
|
Batting: LHB Bobby Gambrell
|
0-0: Foul Ball, location: 2F 0-1: Fly out, F9 (Flyball, 9S, EV 88.1 MPH)
|
Batting: LHB Fernando Amaya
|
0-0: Ball 1-0: Ball 2-0: Called Strike 2-1: Swinging Strike 2-2: Foul Ball, location: 2F 2-2: Strikes out looking
|
Batting: RHB Jonathan Quijada
|
0-0: Called Strike 0-1: Ball 1-1: Foul Ball, location: 2F 1-2: Foul Ball, location: 2F 1-2: Strikes out looking
|
Bottom of the 2nd over - 0 runs, 1 hit, 0 errors, 2 left on base; Batavia 4 - Los Angeles (NYP) 0 |
TOP OF THE 3RD |
Batavia Muckdogs batting - Pitching for Los Angeles (NYP) Dodgers : RHP Dave Bible
|
Batting: RHB Hiromitsu Yamada
|
0-0: SINGLE (Groundball, 56D, EV 102.5 MPH)
|
Batting: RHB Jayson Johnson
|
0-0: Ball Hiromitsu Yamada steals 2nd base 1-0: Swinging Strike 1-1: Swinging Strike Passed Ball! Hiromitsu Yamada to third 1-2: DOUBLE (Flyball, 8LD, EV 110.0 MPH) Hiromitsu Yamada scores
|
Batting: RHB Jeremy Dennis
|
0-0: Ball 1-0: Foul Ball, location: 2F 1-1: Ball 2-1: Fly out, F8 (Flyball, 89S, EV 90.6 MPH)
|
Batting: RHB Jose Trevino
|
0-0: Ball 1-0: Foul Ball, location: 2F 1-1: Ball 2-1: Foul Ball, location: 2F 2-2: Foul Ball, location: 2F 2-2: Foul Ball, location: 2F 2-2: Ball 3-2: Foul Ball, location: 2F 3-2: Base on Balls
|
Batting: RHB Calvin Morin
|
0-0: Ball 1-0: Called Strike 1-1: Foul Ball, location: 2F 1-2: Grounds out, U3 (Groundball, 3L, EV 81.9 MPH) Jayson Johnson to third
|
Batting: LHB David Doge
|
0-0: Called Strike 0-1: Ball 1-1: Ball 2-1: Foul Ball, location: 2F 2-2: Foul Ball, location: 2F 2-2: Ground out 1-3 (Groundball, 15S, EV 68.8 MPH)
|
Top of the 3rd over - 1 run, 2 hits, 0 errors, 2 left on base; Batavia 5 - Los Angeles (NYP) 0 |
BOTTOM OF THE 3RD |
Los Angeles (NYP) Dodgers batting - Pitching for Batavia Muckdogs : RHP James Bitner
|
Batting: RHB Mario Mejia
|
0-0: Ball 1-0: Ball 2-0: Foul Ball, location: 2F 2-1: Foul Ball, location: 2F 2-2: Foul Ball, location: 2F 2-2: Strikes out swinging
|
Batting: RHB Leo Cuellar
|
0-0: Ball 1-0: Called Strike 1-1: Ball 2-1: Swinging Strike 2-2: Ball 3-2: Strikes out swinging
|
Batting: RHB John Piccolo
|
0-0: Ball 1-0: Called Strike 1-1: Ball 2-1: Ball 3-1: Swinging Strike 3-2: Strikes out swinging
|
Bottom of the 3rd over - 0 runs, 0 hits, 0 errors, 0 left on base; Batavia 5 - Los Angeles (NYP) 0 |
TOP OF THE 4TH |
Batavia Muckdogs batting - Pitching for Los Angeles (NYP) Dodgers : RHP Dave Bible
|
Pitching: RHP Cody Bryant
|
|
Batting: RHB Len Graham
|
0-0: Swinging Strike 0-1: Ball 1-1: Called Strike 1-2: Foul Ball, location: 2F 1-2: Strikes out looking
|
Batting: RHB Jim Fisher
|
0-0: Ball 1-0: Foul Ball, location: 2F 1-1: Ball 2-1: Ground out U3 (Groundball, 3L, EV 78.1 MPH)
|
Batting: RHB Larry LeFever
|
0-0: Foul Ball, location: 2F 0-1: Ball 1-1: SINGLE (Groundball, 4D, EV 100.6 MPH)
|
Batting: RHB Hiromitsu Yamada
|
0-0: Called Strike 0-1: Ball 1-1: Ball 2-1: SINGLE (Groundball, 56D, EV 102.5 MPH) Larry LeFever to second
|
Batting: RHB Jayson Johnson
|
0-0: Fielders Choice at 2nd, 6-4 (Groundball, 6, EV 85.0 MPH)
|
Top of the 4th over - 0 runs, 2 hits, 0 errors, 2 left on base; Batavia 5 - Los Angeles (NYP) 0 |
BOTTOM OF THE 4TH |
Los Angeles (NYP) Dodgers batting - Pitching for Batavia Muckdogs : RHP James Bitner
|
Batting: LHB Kippy McGrath
|
0-0: Fly out, F5 (Popup, 5F, EV 65.0 MPH)
|
Batting: SHB Chris Ackerson
|
0-0: Foul Ball, location: 2F 0-1: Ball 1-1: Ball 2-1: Foul Ball, location: 2F 2-2: Ball 3-2: Base on Balls
|
Pitching: RHP Ryan Babbitt
|
|
Batting: RHB Eddie Perry
|
0-0: Called Strike 0-1: Foul Ball, location: 2F 0-2: Ball 1-2: Ball 2-2: Strikes out swinging
|
Batting: LHB Bobby Gambrell
|
0-0: Ball 1-0: Ball 2-0: Ball 3-0: Called Strike 3-1: Base on Balls Chris Ackerson to second
|
Batting: LHB Fernando Amaya
|
0-0: Ball 1-0: Ball 2-0: Ball 3-0: Base on Balls Chris Ackerson to third Bobby Gambrell to second
|
Batting: RHB Jonathan Quijada
|
0-0: Reached on error, E5 (Groundball, 56S, EV 72.5 MPH) Chris Ackerson scores Bobby Gambrell to third Fernando Amaya to second
|
Batting: RHB Mario Mejia
|
0-0: Ball 1-0: Called Strike 1-1: Foul Ball, location: 2F 1-2: Ball 2-2: SINGLE (Groundball, 56S, EV 69.4 MPH) (infield hit) Bobby Gambrell scores Fernando Amaya to third Jonathan Quijada to second
|
Pitching: RHP Scott Feltham
|
|
Batting: RHB Leo Cuellar
|
0-0: Ball 1-0: Ball 2-0: Foul Ball, location: 2F 2-1: Ball 3-1: Fly out, F5 (Line Drive, 5, EV 69.4 MPH)
|
Bottom of the 4th over - 2 runs, 1 hit, 1 error, 3 left on base; Batavia 5 - Los Angeles (NYP) 2 |
TOP OF THE 5TH |
Batavia Muckdogs batting - Pitching for Los Angeles (NYP) Dodgers : RHP Cody Bryant
|
Batting: RHB Jeremy Dennis
|
0-0: Ball 1-0: Ball 2-0: Foul Ball, location: 2F 2-1: Swinging Strike 2-2: Foul Ball, location: 2F 2-2: Foul Ball, location: 2F 2-2: Ball 3-2: Base on Balls
|
Batting: RHB Jose Trevino
|
0-0: Ball Jeremy Dennis steals 2nd base 1-0: Ball 2-0: Ground out 6-3 (Groundball, 56D, EV 103.8 MPH)
|
Batting: RHB Calvin Morin
|
0-0: Called Strike Jeremy Dennis is caught stealing 3rd base 2-5 0-1: Ball 1-1: Foul Ball, location: 2F 1-2: Ball 2-2: Foul Ball, location: 2F 2-2: Fly out, F8 (Line Drive, 8RD, EV 88.8 MPH)
|
Top of the 5th over - 0 runs, 0 hits, 0 errors, 0 left on base; Batavia 5 - Los Angeles (NYP) 2 |
BOTTOM OF THE 5TH |
Los Angeles (NYP) Dodgers batting - Pitching for Batavia Muckdogs : RHP Scott Feltham
|
Batting: RHB John Piccolo
|
0-0: Swinging Strike 0-1: Ball 1-1: SOLO HOME RUN (Flyball, 78XD, EV 117.5 MPH), Distance : 467 ft
|
Batting: LHB Kippy McGrath
|
0-0: Called Strike 0-1: Ball 1-1: Ball 2-1: Foul Ball, location: 2F 2-2: Ball 3-2: Foul Ball, location: 2F 3-2: Base on Balls
|
Batting: SHB Chris Ackerson
|
0-0: SINGLE (Groundball, 34, EV 96.9 MPH) Kippy McGrath to second Runner from 2nd tries for 3rd, SAFE, throw by RF made to third
|
Batting: RHB Eddie Perry
|
0-0: Ball 1-0: Called Strike 1-1: Called Strike 1-2: SINGLE (Groundball, 56D, EV 103.8 MPH) Kippy McGrath scores Chris Ackerson to second
|
Pitching: RHP Giampaolo Nobile
|
|
Batting: LHB Bobby Gambrell
|
0-0: Foul Ball, location: 2F 0-1: Swinging Strike 0-2: Ball 1-2: Strikes out swinging
|
Batting: LHB Fernando Amaya
|
0-0: Called Strike 0-1: DOUBLE (Line Drive, 89XD, EV 95.6 MPH) Chris Ackerson scores Eddie Perry to third Runner from 3rd tries for Home, throw by CF and OUT! 8-4-2 Fernando Amaya to third
|
Batting: RHB Jonathan Quijada
|
0-0: Ball 1-0: Foul Ball, location: 2F 1-1: Swinging Strike 1-2: Strikes out looking
|
Bottom of the 5th over - 3 runs, 4 hits, 0 errors, 1 left on base; Batavia 5 - Los Angeles (NYP) 5 |
TOP OF THE 6TH |
Batavia Muckdogs batting - Pitching for Los Angeles (NYP) Dodgers : RHP Cody Bryant
|
Batting: LHB David Doge
|
0-0: Ball 1-0: Ground out 4-3 (Groundball, 4, EV 84.4 MPH)
|
Batting: RHB Len Graham
|
0-0: Foul Ball, location: 2F 0-1: Called Strike 0-2: Ball 1-2: Fly out, F9 (Flyball, 9, EV 98.1 MPH)
|
Batting: RHB Jim Fisher
|
0-0: Ground out 4-3 (Groundball, 13, EV 86.3 MPH)
|
Top of the 6th over - 0 runs, 0 hits, 0 errors, 0 left on base; Batavia 5 - Los Angeles (NYP) 5 |
BOTTOM OF THE 6TH |
Los Angeles (NYP) Dodgers batting - Pitching for Batavia Muckdogs : RHP Giampaolo Nobile
|
Batting: RHB Mario Mejia
|
0-0: Ball 1-0: Called Strike 1-1: Ball 2-1: Ball 3-1: Foul Ball, location: 2F 3-2: Foul Ball, location: 2F 3-2: Foul Ball, location: 2F 3-2: Foul Ball, location: 2F 3-2: Ground out 6-3 (Groundball, 6, EV 84.4 MPH)
|
Pitching: RHP Alex Garza
|
|
Batting: RHB Leo Cuellar
|
0-0: SINGLE (Groundball, 6MS, EV 65.0 MPH) (infield hit)
|
Batting: RHB John Piccolo
|
0-0: Ball Leo Cuellar is caught stealing 2nd base 2-4 1-0: Called Strike 1-1: Swinging Strike 1-2: Ball 2-2: Foul Ball, location: 2F 2-2: Strikes out swinging
|
Bottom of the 6th over - 0 runs, 1 hit, 0 errors, 0 left on base; Batavia 5 - Los Angeles (NYP) 5 |
TOP OF THE 7TH |
Batavia Muckdogs batting - Pitching for Los Angeles (NYP) Dodgers : RHP Cody Bryant
|
Pitching: RHP Cody Colburn
|
|
Batting: RHB Larry LeFever
|
0-0: Ball 1-0: TRIPLE (Flyball, 89XD, EV 98.1 MPH)
|
Batting: RHB Hiromitsu Yamada
|
0-0: Ball 1-0: Ball 2-0: Ball 3-0: Base on Balls
|
Batting: RHB Jayson Johnson
|
0-0: Ball 1-0: Ball Wild Pitch! Larry LeFever scores Hiromitsu Yamada to second 2-0: Intentional Walk
|
Batting: RHB Jeremy Dennis
|
0-0: Called Strike 0-1: Foul Ball, location: 2F 0-2: Strikes out swinging
|
Batting: RHB Jose Trevino
|
0-0: Called Strike 0-1: Fielders Choice at 2nd, 1-4 (Groundball, 15S, EV 69.4 MPH) Hiromitsu Yamada to third
|
Batting: RHB Calvin Morin
|
0-0: Called Strike 0-1: Fly out, F9 (Flyball, 9, EV 97.5 MPH)
|
Top of the 7th over - 1 run, 1 hit, 0 errors, 2 left on base; Batavia 6 - Los Angeles (NYP) 5 |
BOTTOM OF THE 7TH |
Los Angeles (NYP) Dodgers batting - Pitching for Batavia Muckdogs : RHP Alex Garza
|
Batting: LHB Kippy McGrath
|
0-0: Ball 1-0: Ball 2-0: Foul Ball, location: 2F 2-1: Ball 3-1: Base on Balls
|
Batting: SHB Chris Ackerson
|
0-0: Ball 1-0: Fielders Choice at 2nd, 4-6 (Groundball, 34D, EV 91.3 MPH)
|
Batting: RHB Eddie Perry
|
0-0: Ball 1-0: Called Strike 1-1: Foul Ball, location: 2F 1-2: Strikes out looking
|
Batting: LHB Bobby Gambrell
|
0-0: Ball Wild Pitch! Chris Ackerson to second 1-0: SINGLE (Line Drive, 8RS, EV 106.9 MPH) Chris Ackerson to third Runner from 3rd tries for Home, SAFE, throw by CF to home
|
Batting: LHB Fernando Amaya
|
0-0: Ball Passed Ball! Bobby Gambrell to second 1-0: Ball 2-0: Called Strike 2-1: Foul Ball, location: 2F 2-2: Foul Ball, location: 2F 2-2: Strikes out swinging, 2-3 out at first.
|
Bottom of the 7th over - 1 run, 1 hit, 0 errors, 1 left on base; Batavia 6 - Los Angeles (NYP) 6 |
TOP OF THE 8TH |
Batavia Muckdogs batting - Pitching for Los Angeles (NYP) Dodgers : RHP Cody Colburn
|
Pitching: LHP Jake Hall
|
|
Pinch Hitting: RHB Mike Sonn
|
0-0: Ball 1-0: Called Strike 1-1: Called Strike 1-2: Foul Ball, location: 2F 1-2: Ball 2-2: Foul Ball, location: 2F 2-2: Foul Ball, location: 2F 2-2: DOUBLE (Flyball, 8RXD, EV 108.8 MPH)
|
Batting: RHB Len Graham
|
0-0: Called Strike 0-1: Ball 1-1: Called Strike 1-2: Foul Ball, location: 2F 1-2: Foul Ball, location: 2F 1-2: Strikes out swinging
|
Batting: RHB Jim Fisher
|
0-0: Intentional Walk
|
Batting: RHB Larry LeFever
|
0-0: Ball 1-0: Ball 2-0: Called Strike 2-1: Foul Ball, location: 2F 2-2: Strikes out looking
|
Batting: RHB Hiromitsu Yamada
|
0-0: Called Strike 0-1: Swinging Strike 0-2: Strikes out swinging
|
Top of the 8th over - 0 runs, 1 hit, 0 errors, 2 left on base; Batavia 6 - Los Angeles (NYP) 6 |
BOTTOM OF THE 8TH |
Los Angeles (NYP) Dodgers batting - Pitching for Batavia Muckdogs : RHP Alex Garza
|
Now in RF: Emilio Montalvo
|
|
Batting: RHB Jonathan Quijada
|
0-0: Foul Ball, location: 2F 0-1: Foul Ball, location: 2F 0-2: Ball 1-2: Ball 2-2: Foul Ball, location: 2F 2-2: Foul Ball, location: 2F 2-2: Fly out, F7 (Flyball, 78M, EV 86.9 MPH)
|
Batting: RHB Mario Mejia
|
0-0: Ball 1-0: Ball 2-0: Swinging Strike 2-1: Swinging Strike 2-2: Ball 3-2: Ground out 4-3 (Groundball, 4MD, EV 90.0 MPH)
|
Pinch Hitting: LHB Jim Schriver
|
0-0: Ball 1-0: Foul Ball, location: 2F 1-1: Swinging Strike 1-2: Strikes out looking
|
Bottom of the 8th over - 0 runs, 0 hits, 0 errors, 0 left on base; Batavia 6 - Los Angeles (NYP) 6 |
TOP OF THE 9TH |
Batavia Muckdogs batting - Pitching for Los Angeles (NYP) Dodgers : LHP Jake Hall
|
Pitching: LHP Gavin White
|
|
Now in CF: Pat Mage
|
|
Batting: RHB Jayson Johnson
|
0-0: Ball 1-0: Ball 2-0: Foul Ball, location: 2F 2-1: Ball 3-1: SINGLE (Groundball, 6MS, EV 95.6 MPH)
|
Pinch Hitting: SHB Joe Lightell
|
0-0: Ball 1-0: Ball 2-0: Called Strike 2-1: Ball 3-1: Fly out, F9 (Flyball, 89S, EV 85.6 MPH)
|
Pinch Hitting: SHB Dan Zink
|
0-0: Ball 1-0: Ball 2-0: Bunt missed! 2-1: Bunt missed! 2-2: Fly out, F7 (Flyball, 7, EV 91.3 MPH)
|
Batting: RHB Calvin Morin
|
0-0: Ball 1-0: Called Strike 1-1: Foul Ball, location: 2F 1-2: Ground out U3 (Groundball, 13, EV 83.1 MPH)
|
Top of the 9th over - 0 runs, 1 hit, 0 errors, 1 left on base; Batavia 6 - Los Angeles (NYP) 6 |
BOTTOM OF THE 9TH |
Los Angeles (NYP) Dodgers batting - Pitching for Batavia Muckdogs : RHP Alex Garza
|
Now at 2B: Len Graham
|
|
Now at 3B: Joe Lightell
|
|
Now at SS: J.J. Barajas
|
|
Batting: RHB John Piccolo
|
0-0: Called Strike 0-1: Ball 1-1: Ball 2-1: Foul Ball, location: 2F 2-2: Fly out, F9 (Flyball, 9, EV 94.4 MPH)
|
Batting: LHB Kippy McGrath
|
0-0: DOUBLE (Flyball, 9LD, EV 93.1 MPH)
|
Batting: SHB Chris Ackerson
|
0-0: Foul Ball, location: 2F 0-1: Swinging Strike 0-2: Ball 1-2: DOUBLE (Line Drive, 89XD, EV 103.8 MPH) Kippy McGrath scores
|
Bottom of the 9th over - 1 run, 2 hits, 0 errors, 0 left on base; Batavia 6 - Los Angeles (NYP) 7 |
|
Game Over ... Los Angeles (NYP) defeats Batavia, 7 to 6
|
|
|